Map: Imperio eterno EE

Players

Luka

  • Race: Terran Terran
  • League: Silver
  • Spawn Location: 1:00

MrFercho - Winner!

  • Race: Zerg Zerg
  • League: Silver
  • Spawn Location: 7:00

VOD

Have the link to the VOD?

Description

Time

  • Played on: May 26, 2020, 9:29 p.m.
  • Length: 1:53
Show
View Real Time Build Order
Export as new Build Order

Luka Terran 

Build Orders:  

Get SALT Encoding   

  12  0:01  SCV  
  13  0:21  Supply Depot  
  13  0:26  SCV  
  14  0:29  Refinery  
  14  0:38  SCV  
  15  0:45  Barracks  
  15  0:50  SCV  
  16  1:11  Supply Depot  
  16  1:18  SCV  
  17  1:30  SCV  
Show
View Real Time Build Order
Export as new Build Order

MrFercho Zerg - Winner!

Build Orders: Pool Only 

Get SALT Encoding   

  12  0:01  Drone  
  13  0:25  Spawning Pool  
  13  0:26  Drone  
  13  0:33  Extractor  
  12  0:37  Overlord  
  12  0:45  Drone  
  13  0:52  Drone  
  14  1:09  Drone x2  
  16  1:22  Zergling x4  
Tags
 
Matchup
TvZ
Opening
Pool Only
Replay Pack
MrFercho
Spawn Locations
Cross Positions
Add a new tag
Caveats
  • Supply blocks, unpowered buildings, or Contaminate may cause inaccurate times.
  • Supply counts are checked every 10 seconds.